 Dungeon Crawl Stone Soup version 0.30-a0-726-gd89dcf765f (webtiles) character file.

Game seed: 7287436976828398987

1677 scionoferis the Shooter (level 8, -1/67 HPs)
             Began as a Demigod Hexslinger on Jan 29, 2023.
             Slain by a yak (14 damage)
             ... on level 4 of the Dungeon.
             The game lasted 00:15:28 (4701 turns).

scionoferis the Shooter (Demigod Hexslinger)        Turns: 4701, Time: 00:15:28

Health: -1/67      AC:  5    Str: 11    XL:     8   Next: 42%
Magic:  12/12      EV: 15    Int: 15    God:
Gold:   383        SH:  0    Dex: 22    Spells: 8/9 levels left

rFire   . . .      SeeInvis +    a - +0 dagger (venom)
rCold   . . .      Faith    .    (no shield)
rNeg    + + .      Spirit   .    q - +2 robe {rN+}
rPois   .          Reflect  .    (helmet restricted)
rElec   .          Harm     .    (no cloak)
rCorr   .          Rampage  .    (no gloves)
Will    .....                    D - +0 pair of boots
Stlth   +++                      (no amulet)
HPRegen 0.31/turn                j - ring of see invisible
MPRegen 0.13/turn                w - ring of positive energy

@: no status effects
A: high MP 1, forlorn, divine attributes, antennae 1, subdued magic 1, noise
suppression
a: no special abilities


You were on level 4 of the Dungeon.
You visited 1 branch of the dungeon, and saw 5 of its levels.

You collected 383 gold pieces.


Innate Abilities, Weirdness & Mutations

You have an increased reservoir of magic. (+10% MP)
You shall have no god before yourself.
Your divine heritage dramatically boosts your attributes as you level up.
You have a pair of small antennae on your head.
Your spells are a little easier to cast, but a little less powerful.
You passively dampen the noise of your surroundings.


   Skills:
 + Level 4.4 Fighting
 * Level 6.6 Ranged Weapons
 + Level 4.8 Dodging
 + Level 4.8 Stealth
 - Level 1.0 Spellcasting
 - Level 2.6 Hexes


You had 8 spell levels left.
You knew the following spells:

 Your Spells              Type           Power      Damage    Failure   Level
a - Slow                  Hex            24%        N/A       7%          1

Your spell library contained the following spells:

 Spells                   Type           Power      Damage    Failure   Level
 Kiss of Death            Conj/Necr      0%         2d5       21%         1
 Necrotise                Necr           0%         1d4       21%         1
 Sting                    Tmut/Pois      0%         1d3       21%         1
 Inner Flame              Hex/Fire       3%         N/A       34%         3
 Portal Projectile        Hex/Tloc       6%         N/A       34%         3
 Cause Fear               Hex            3%         N/A       58%         4
 Alistair's Intoxication  Tmut/Pois      0%         N/A       99%         5
 Borgnjor's Vile Clutch   Necr/Erth      0%         N/A       99%         5
 Eringya's Noxious Bog    Tmut/Pois      0%         N/A       100%        6

Inventory:

Hand Weapons
 a - a +0 dagger of venom (weapon)
   (You took it off a goblin on level 1 of the Dungeon)
 b - a +0 shortbow
   (You took it off a centaur on level 5 of the Dungeon)
 G - a +1 sling
Missiles
 c - 5 boomerangs
 i - 3 atropa-tipped darts (quivered)
 F - 4 poisoned darts
Armour
 n - a +1 helmet
   (You found it on level 2 of the Dungeon)
 q - a +2 robe of positive energy (worn)
   (You found it on level 2 of the Dungeon)
 r - a +0 helmet of see invisible
   (You found it on level 3 of the Dungeon)
 C - a +0 ring mail of poison resistance
   (You found it on level 4 of the Dungeon)
 D - a +0 pair of boots (worn)
   (You found it on level 4 of the Dungeon)
Jewellery
 j - a ring of see invisible (left hand)
   (You found it on level 2 of the Dungeon)
 w - a ring of positive energy (right hand)
   (You found it on level 3 of the Dungeon)
Wands
 p - a wand of flame (57)
   (You found it on level 2 of the Dungeon)
Scrolls
 d - 3 scrolls of noise {unknown}
 f - 2 scrolls of poison
 g - 2 scrolls of amnesia {unknown}
 k - a scroll of vulnerability {unknown}
 m - a scroll of blinking {unknown}
 o - 2 scrolls of fog {unknown}
 t - 3 scrolls of identify {unknown}
 u - 2 scrolls of immolation {unknown}
 y - 5 scrolls of teleportation {unknown}
 B - a scroll of fear {unknown}
Potions
 e - 2 potions of mutation
 h - 2 potions of attraction {unknown}
 l - 2 potions of haste {unknown}
 s - 2 potions of curing
 v - a potion of heal wounds {unknown}
 x - 2 potions of degeneration {unknown}
 z - 2 potions of flight {unknown}
 A - a potion of ambrosia {unknown}
 E - a potion of lignification {unknown}

Dungeon Overview and Level Annotations

Branches:
Dungeon (5/15)
 Temple: D:4-7

Annotations:
D:5 Dowan

####### ##.....##
##.......##
#.........#
#.........#
#.........#
#.........#### #
#..รท.........# #
#..Y@......#.# #
#...).....##.########
#...................#
#...................#
#.................).#
##...................
##.........(.)......
######..###########
#...#.8.8.8.8.#


You could see a yak (extremely poisoned).


Message History

Press: ? - help, Q - select action, (/) - cycle Shift-Dir - straight line, f/p - orc priest
Aim: an orc priest, wielding a +0 club (65% to hit)
You shoot a sling bullet.
The sling bullet barely misses the orc priest.
The orc throws a boomerang.
The boomerang hits you.
Fire: b) +1 sling
Press: ? - help, Q - select action, (/) - cycle Shift-Dir - straight line, f/p - orc priest
Aim: an orc priest, wielding a +0 club (65% to hit)
You shoot a sling bullet.
The sling bullet closely misses the orc priest.
Fire: b) +1 sling
Press: ? - help, Q - select action, (/) - cycle Shift-Dir - straight line, f/p - orc priest
Aim: an orc priest, wielding a +0 club (65% to hit)
You shoot a sling bullet.
The sling bullet hits the orc priest but does no damage.
Fire: b) +1 sling
Press: ? - help, Q - select action, (/) - cycle Shift-Dir - straight line, f/p - orc priest
Aim: an orc priest, wielding a +0 club (65% to hit)
You shoot a sling bullet.
The sling bullet barely misses the orc priest.
The orc throws a boomerang.
The boomerang hits you.
Fire: b) +1 sling
Press: ? - help, Q - select action, (/) - cycle Shift-Dir - straight line, f/p - orc priest
Aim: an orc priest, wielding a +0 club (65% to hit)
You shoot a sling bullet.
The sling bullet barely misses the orc priest.
The sling bullet barely misses the scorpion.
The sling bullet closely misses the orc.
Fire: b) +1 sling
Press: ? - help, Q - select action, (/) - cycle Shift-Dir - straight line, f/p - orc priest
Aim: an orc priest, wielding a +0 club (65% to hit)
You shoot a sling bullet. The sling bullet hits the orc.
The orc is severely wounded.
The orc priest miscasts a cantrip.
Your +0 dagger of venom begins to drip with poison!
a - a +0 dagger of venom (weapon)
The orc priest calls upon Beogh to heal the orc.
The orc's wounds heal themselves!
The orc throws a boomerang.
The boomerang completely misses you. The scorpion stings you.
You climb upwards.
There is a stone staircase leading down here.
You hit the scorpion.
The scorpion is poisoned.
The scorpion is lightly wounded.
The scorpion stings you.
You are poisoned.
The scorpion poisons you!
You barely miss the scorpion.
The scorpion is moderately wounded.
You feel very sick. The scorpion closely misses you.
You hit the scorpion but do no damage.
The scorpion looks even sicker.
Your punch misses the scorpion.
The scorpion is moderately wounded.
You feel sick. The scorpion barely misses you.
The scorpion completely misses you.
You barely miss the scorpion.
The scorpion is heavily wounded.
You feel sick.
The scorpion stings you but does no damage.
You hit the scorpion but do no damage.
The scorpion looks as sick as possible!
The scorpion is severely wounded.
You feel sick.
You kill the scorpion!
Your Fighting skill increases to level 3!
No target in view!
You feel sick.
You feel sick.
You feel sick.
You feel sick.
You feel sick.
You feel sick.
You are no longer poisoned.
There is a stone staircase leading up here.
There is an open door here.
There is a stone staircase leading down here.
Your +0 dagger of venom stops dripping with poison.
b - a +1 sling (weapon)
You start resting.
HP restored.
You climb downwards.
There is a stone staircase leading up here.
An orc priest is nearby!
You shoot a sling bullet. The sling bullet hits the orc priest.
The orc priest is moderately wounded.
You shoot a sling bullet.
The sling bullet hits the orc priest but does no damage.
The orc priest is moderately wounded.
You shoot a sling bullet. The sling bullet hits the orc priest.
The orc priest is heavily wounded.
You shoot a sling bullet. The sling bullet hits the orc priest!
You kill the orc priest!
You shoot a sling bullet. The sling bullet hits the orc!
You kill the orc!
No target in view!
An adder comes into view.
You shoot a sling bullet. The adder hisses angrily.
The sling bullet hits the adder.
The adder is lightly wounded.
You shoot a sling bullet. The sling bullet misses the adder.
You shoot a sling bullet. The sling bullet hits the adder.
The adder is severely wounded.
Your +0 dagger of venom begins to drip with poison!
a - a +0 dagger of venom (weapon)
The adder bites you but does no damage.
You closely miss the adder.
The adder is severely wounded.
The adder bites you but does no damage.
You completely miss the adder.
The adder is severely wounded.
The adder barely misses you.
You hit the adder.
You kill the adder!
No target in view!
No target in view!
Your +0 dagger of venom stops dripping with poison.
b - a +1 sling (weapon)
A ball python comes into view.
You shoot a sling bullet. The sling bullet hits the ball python.
You kill the ball python!
An adder comes into view.
You shoot a sling bullet.
The sling bullet closely misses the adder.
The adder hisses angrily.
You shoot a sling bullet.
The sling bullet closely misses the adder.
Your +0 dagger of venom begins to drip with poison!
a - a +0 dagger of venom (weapon)
The adder barely misses you.
You hit the adder.
The adder is poisoned.
The adder is moderately wounded.
The adder bites you but does no damage.
You hit the adder.
The adder is heavily wounded.
The adder barely misses you.
You barely miss the adder.
The adder is severely wounded.
You kill the adder!
No target in view!
Your +0 dagger of venom stops dripping with poison.
b - a +1 sling (weapon)
You shoot a sling bullet. The orc shouts!
The sling bullet hits the orc!
You kill the orc!
No target in view!
There is an open door here.
Found two altars.
Found three altars.
c - 3 boomerangs (gained 1)
Things that are here:
a +0 whip; an orc corpse You see here 9 stones.
There is an open door here.
Found a helmet.
A hobgoblin comes into view.
The hobgoblin shouts!
You shoot a sling bullet.
The sling bullet barely misses the hobgoblin.
You shoot a sling bullet.
The sling bullet barely misses the hobgoblin.
You shoot a sling bullet.
The sling bullet closely misses the hobgoblin.
You shoot a sling bullet. The sling bullet hits the hobgoblin!
You kill the hobgoblin!
No target in view!
g - 2 scrolls labelled WUCEUC LUHI (gained 1)
Found a white marble altar of Elyvilon.
A scorpion is nearby!
You shoot a sling bullet.
The sling bullet hits the scorpion but does no damage.
You shoot a sling bullet.
The sling bullet barely misses the scorpion.
You shoot a sling bullet. The sling bullet hits the scorpion!
The scorpion is heavily wounded.
Your +0 dagger of venom begins to drip with poison!
a - a +0 dagger of venom (weapon)
You hit the scorpion.
The scorpion is poisoned.
The scorpion is heavily wounded.
The scorpion closely misses you. The scorpion stings you.
You are poisoned.
The scorpion poisons you!
You hit the scorpion.
The scorpion is almost dead.
You feel very sick.
You kill the scorpion!
You have reached level 7!
You start resting.
You feel very sick.
You feel sick. x7
You are no longer poisoned.
You start resting.
HP restored.
Your +0 dagger of venom stops dripping with poison.
b - a +1 sling (weapon)
You see here a scorpion corpse.
An orc is nearby!
You shoot a sling bullet. The orc shouts!
The sling bullet hits the orc.
The orc is heavily wounded.
You hear a shout!
The orc throws a boomerang.
The boomerang barely misses you.
You shoot a sling bullet. The sling bullet hits the orc.
The orc is almost dead.
The orc throws a boomerang.
The boomerang misses you.
You shoot a sling bullet. The sling bullet hits the orc!
You kill the orc!
No target in view!
No target in view!
A kobold comes into view. It is wielding a +0 dagger.
You shoot a sling bullet. The sling bullet hits the kobold.
You kill the kobold!
No target in view!
c - 5 boomerangs (gained 2)
You see here a +0 flail of holy wrath.
Found a +0 mace.
Found a stone staircase leading down.
u - 2 scrolls labelled NILYAL OWKYEFO (gained 1)
You see here a +0 club.
You now have 299 gold pieces (gained 12).
Things that are here:
a +0 dagger; a +0 sling You now have 311 gold pieces (gained 12).
Found a stone staircase leading down.
You see here a +0 dagger.
You now have 323 gold pieces (gained 12).
You now have 335 gold pieces (gained 12).
There is a fountain of clear blue water here.
You see here a +0 dagger.
Things that are here:
a +0 dagger; a +0 sling You see here a +0 club.
Done exploring.
Done exploring.
There is a stone staircase leading up here.
What are your orders? t - Shout!
Orders for allies: a - Attack new target. r - Retreat! s - Stop attacking. g - Guard the area. f - Follow me.
Anything else - Cancel.
You shout for attention!
What are your orders? t - Shout!
Orders for allies: a - Attack new target. r - Retreat! s - Stop attacking. g - Guard the area. f - Follow me.
Anything else - Cancel.
You shout for attention!
What are your orders? t - Shout!
Orders for allies: a - Attack new target. r - Retreat! s - Stop attacking. g - Guard the area. f - Follow me.
Anything else - Cancel.
You shout for attention!
What are your orders? t - Shout!
Orders for allies: a - Attack new target. r - Retreat! s - Stop attacking. g - Guard the area. f - Follow me.
Anything else - Cancel.
You shout for attention!
What are your orders? t - Shout!
Orders for allies: a - Attack new target. r - Retreat! s - Stop attacking. g - Guard the area. f - Follow me.
Anything else - Cancel.
You shout for attention!
What are your orders? t - Shout!
Orders for allies: a - Attack new target. r - Retreat! s - Stop attacking. g - Guard the area. f - Follow me.
Anything else - Cancel.
You shout for attention!
What are your orders? t - Shout!
Orders for allies: a - Attack new target. r - Retreat! s - Stop attacking. g - Guard the area. f - Follow me.
Anything else - Cancel.
You shout for attention!
What are your orders? t - Shout!
Orders for allies: a - Attack new target. r - Retreat! s - Stop attacking. g - Guard the area. f - Follow me.
Anything else - Cancel.
You shout for attention!
What are your orders? t - Shout!
Orders for allies: a - Attack new target. r - Retreat! s - Stop attacking. g - Guard the area. f - Follow me.
Anything else - Cancel.
You shout for attention!
You see here a +0 spear.
What are your orders? t - Shout!
Orders for allies: a - Attack new target. r - Retreat! s - Stop attacking. g - Guard the area. f - Follow me.
Anything else - Cancel.
You shout for attention!
Unknown command.
Unknown command.
There is a stone staircase leading down here.
You climb downwards.
Found a war axe and 21 gold pieces.
There is a stone staircase leading up here.
Found a stone staircase leading down.
You now have 347 gold pieces (gained 12).
Found an escape hatch in the floor.
z - 2 lumpy puce potions (gained 1) Dowan, Brother of Duvessa comes into view.
He is wielding a +0 dagger of venom and carrying a wand of light (6).
Found 4 poisoned darts.
Found a stone staircase leading down.
Unknown command.
Found a stone staircase leading up.
You see here 4 poisoned darts.
F - 4 poisoned darts
Found an escape hatch in the ceiling.
An ogre comes into view. It is wielding a +0 giant club.
Found Great Wizards, Vol.
II.
A jelly comes into view.
Throw: 4 darts (poison)
Press: ? - help, Q - select action, (/) - cycle Shift-Dir - straight line, f - ogre
Aim: an ogre, wielding a +0 giant club (asleep, 98% to hit)
You throw a poisoned dart. The poisoned dart hits the ogre.
The ogre shouts!
Casting: Slow (safe; 9% risk of failure)
Confirm with . or Enter, or press ? or * to list all spells.
Aiming: Slow (safe; 9% risk of failure)
Press: ? - help, Shift-Dir - straight line, f/p - ogre
Aim: an ogre, wielding a +0 giant club (chance to affect: 41%)
The ogre seems to slow down.
Throw: 3 darts (poison)
Press: ? - help, Q - select action, (/) - cycle Shift-Dir - straight line, f/p - ogre
Aim: an ogre, wielding a +0 giant club (slow, 77% to hit)
You throw a poisoned dart.
The poisoned dart completely misses the ogre.
Throw: 2 darts (poison)
Press: ? - help, Q - select action, (/) - cycle Shift-Dir - straight line, f/p - ogre
Aim: an ogre, wielding a +0 giant club (slow, 77% to hit)
You throw a poisoned dart. The poisoned dart hits the ogre.
The ogre is poisoned.
Throw: dart (poison)
Press: ? - help, Q - select action, (/) - cycle Shift-Dir - straight line, f/p - ogre
Aim: an ogre, wielding a +0 giant club (poisoned, slow, 77% to hit)
You throw a poisoned dart.
The poisoned dart closely misses the ogre.
Throw: 3 darts (atropa)
Press: ? - help, Q - select action, (/) - cycle Shift-Dir - straight line, f/p - ogre
Aim: an ogre, wielding a +0 giant club (lightly wounded, poisoned, slow, 77% to hit, chance to blind on hit: 51%)
You throw an atropa-tipped dart.
The atropa-tipped dart barely misses the ogre.
The ogre is no longer moving slowly.
Throw: 2 darts (atropa)
Press: ? - help, Q - select action, (/) - cycle Shift-Dir - straight line, f/p - ogre
Aim: an ogre, wielding a +0 giant club (lightly wounded, poisoned, 77% to hit, chance to blind on hit: 51%)
You throw an atropa-tipped dart. The atropa-tipped dart hits the ogre.
The ogre appears confused.
The ogre is lightly wounded.
You shoot a sling bullet. The sling bullet hits the ogre.
The ogre is moderately wounded.
The ogre seems less confused.
You shoot a sling bullet. The sling bullet hits the ogre!
The ogre is severely wounded.
You shoot a sling bullet.
The sling bullet barely misses the ogre.
The ogre is no longer blind.
You shoot a sling bullet.
The sling bullet barely misses the ogre.
The ogre looks more healthy.
Your +0 dagger of venom begins to drip with poison!
a - a +0 dagger of venom (weapon)
You hit the ogre.
The ogre is poisoned.
The ogre is severely wounded.
The ogre hits you with a +0 giant club!!
You hit the ogre but do no damage.
The ogre looks as sick as possible!
The ogre is almost dead.
The ogre closely misses you.
You hit the ogre but do no damage.
The ogre is almost dead.
You barely miss the ogre.
The ogre is almost dead.
You kill the ogre!
Your Ranged Weapons skill increases to level 5!
You start resting.
HP restored.
Your +0 dagger of venom stops dripping with poison.
b - a +1 sling (weapon)
Things that are here:
a +0 giant club; an ogre corpse
i - 2 atropa-tipped darts (gained 1)
Found a stone staircase leading down.
F - a poisoned dart
Found a falchion.
i - 3 atropa-tipped darts (gained 1);
F - 3 poisoned darts (gained 2)
F - 4 poisoned darts (gained 1)
You pick up Great Wizards, Vol.
II and begin reading...
You add the spells Alistair's Intoxication, Borgnjor's Vile Clutch and Eringya's Noxious Bog to your library.
There is a stone staircase leading down here.
Found a robe.
y - 2 scrolls labelled YTWUVU RAQ NOL (gained 1)
A centaur comes into view.
Your +0 dagger of venom begins to drip with poison!
a - a +0 dagger of venom (weapon)
Ijyb and a shadow imp come into view.
Ijyb is wielding a +0 club and carrying a wand of flame (9).
The helpless centaur fails to defend itself.
You puncture the centaur!
The centaur looks as sick as possible!
The centaur is heavily wounded.
The centaur hits you but does no damage.
The centaur kicks you but does no damage.
You closely miss the centaur.
The centaur is severely wounded.
Ijyb shouts!
The shadow imp shouts, "Give in, thou clouted spleeny wormtrail!"
The centaur closely misses you. The centaur barely misses you.
The centaur misses you.
The centaur kicks you but does no damage.
You hit the centaur but do no damage.
The centaur looks as sick as possible!
The centaur is severely wounded.
The centaur hits you but does no damage.
The centaur kicks you but does no damage.
Ijyb screams, "I cut your head off!"
You hit the centaur.
The centaur looks as sick as possible!
The centaur is almost dead.
The centaur barely misses you. x2
The centaur hits you but does no damage.
The centaur kicks you but does no damage.
You hit the centaur but do no damage.
The centaur looks as sick as possible!
The centaur is almost dead.
You kill the centaur!
The shadow imp hits you but does no damage.
The shadow imp barely misses you.
The shadow imp lashes its tail.
You hit the shadow imp but do no damage.
The shadow imp closely misses you.
You hit the shadow imp.
The shadow imp is lightly wounded.
The shadow imp misses you.
You hit the shadow imp but do no damage.
The shadow imp is lightly wounded.
Ijyb screams, "Level is mine!
All mine!"
The shadow imp barely misses you.
You hit the shadow imp.
The shadow imp is moderately wounded.
The shadow imp hits you but does no damage.
You hit the shadow imp but do no damage.
The shadow imp is moderately wounded.
The shadow imp misses you.
You hit the shadow imp.
You punch the shadow imp, but do no damage.
The shadow imp is heavily wounded.
The shadow imp hits you but does no damage.
You hit the shadow imp.
The shadow imp is poisoned.
The shadow imp is heavily wounded.
The shadow imp closely misses you.
You hit the shadow imp.
The shadow imp is almost dead.
The shadow imp hits you but does no damage.
You hit the shadow imp.
You kill the shadow imp!
You miss Ijyb. Ijyb completely misses you.
You hit Ijyb but do no damage.
Ijyb is poisoned.
Ijyb hits you with a +0 club.
You hit Ijyb but do no damage.
Ijyb looks as sick as possible!
Ijyb closely misses you.
Press: ? - help, v - describe, . - travel
Here: Ijyb, wielding a +0 club, wearing a +0 leather armour and carrying a wand of flame (9) (lightly wounded, extremely poisoned)
The floor.
Unknown command.
You hit Ijyb but do no damage.
Ijyb looks as sick as possible!
Ijyb is lightly wounded.
Ijyb zaps a wand.
The puff of flame hits you.
You hit Ijyb but do no damage.
Ijyb is moderately wounded.
Ijyb hits you with a +0 club.
You hit Ijyb.
Ijyb looks as sick as possible!
Ijyb is heavily wounded.
Ijyb hits you with a +0 club.
You closely miss Ijyb.
Ijyb is heavily wounded.
Ijyb closely misses you.
You closely miss Ijyb.
Ijyb is heavily wounded.
Ijyb misses you.
You hit Ijyb.
Ijyb is severely wounded.
Ijyb hits you with a +0 club.
You miss Ijyb. Your punch misses Ijyb.
Ijyb is severely wounded.
Ijyb hits you but does no damage.
You hit Ijyb.
You kill Ijyb!
p - a wand of flame (57) (gained 8 charges)
e - 3 bubbling amethyst potions (gained 1)
Things that are here:
a +0 club; a +0 leather armour You start resting.
HP restored.
Things that are here:
a +0 club; a +0 leather armour
Found a scroll labelled PAWOXUS NONI.
Things that are here:
a +0 shortbow; a centaur corpse
G - a +0 shortbow Adjust to which letter? (? for menu, Esc to quit)
b - a +0 shortbow;
G - a +1 sling Your +0 dagger of venom stops dripping with poison.
b - a +0 shortbow (weapon)
You see here the +3 mace "Lasymoq" {freeze, *Corrode rPois rN+++ Int+3}.
t - 3 scrolls labelled PAWOXUS NONI (gained 1)
You now have 356 gold pieces (gained 9).
An iguana comes into view.
You shoot an arrow. The arrow hits the iguana.
The iguana hisses angrily.
The iguana is moderately wounded.
An ice beast comes into view.
There is a stone staircase leading up here.
Casting: Slow (safe; 9% risk of failure)
Confirm with . or Enter, or press ? or * to list all spells.
Aiming: Slow (safe; 9% risk of failure)
Press: ? - help, Shift-Dir - straight line, f - ice beast
Aim: an ice beast (chance to affect: 41%)
The ice beast resists with some effort.
Casting: Slow (safe; 9% risk of failure)
Confirm with . or Enter, or press ? or * to list all spells.
Aiming: Slow (safe; 9% risk of failure)
Press: ? - help, Shift-Dir - straight line, f/p - ice beast
Aim: an ice beast (chance to affect: 41%)
The ice beast resists with some effort.
The ice beast barely misses you.
You climb upwards.
There is a stone staircase leading down here.
You shoot an arrow. The arrow closely misses the ice beast.
The ice beast closely misses you.
You shoot an arrow. The arrow hits the ice beast!
The ice beast is moderately wounded.
The ice beast misses you.
You shoot an arrow. The arrow hits the ice beast!
The ice beast is heavily wounded.
The ice beast barely misses you.
You shoot an arrow.
The arrow hits the ice beast but does no damage.
The ice beast is heavily wounded.
The ice beast hits you but does no damage.
You shoot an arrow. The arrow barely misses the ice beast.
The ice beast closely misses you. The ice beast barely misses you.
You shoot an arrow. The arrow barely misses the ice beast.
The ice beast closely misses you.
You shoot an arrow. The arrow hits the ice beast!
The ice beast is almost dead.
The ice beast hits you. The ice beast freezes you.
You shoot an arrow. The arrow closely misses the ice beast.
The ice beast closely misses you.
You shoot an arrow. The arrow hits the ice beast.
The ice beast is almost dead.
The ice beast misses you. The ice beast barely misses you.
You shoot an arrow. The arrow closely misses the ice beast.
The ice beast closely misses you.
You shoot an arrow. The arrow hits the ice beast.
You kill the ice beast!
Your Dodging skill increases to level 4!
HP restored.
You see here a +0 spear.
There is a stone staircase leading down here.
You climb downwards.
Level annotation: Dowan
Found a leather armour.
There is a stone staircase leading up here.
Found a leather armour.
You now have 369 gold pieces (gained 13).
An ice beast comes into view.
Your +0 dagger of venom begins to drip with poison!
a - a +0 dagger of venom (weapon)
Found a glowing grey potion.
The helpless ice beast fails to defend itself.
You impale the ice beast!!
The ice beast is severely wounded.
The ice beast hits you but does no damage.
Your +0 dagger of venom stops dripping with poison.
b - a +0 shortbow (weapon)
You shoot an arrow. The arrow closely misses the ice beast.
The ice beast closely misses you. x2
You shoot an arrow. The arrow barely misses the ice beast.
The ice beast hits you but does no damage.
You shoot an arrow. The arrow hits the ice beast!
You kill the ice beast!
No target in view!
A gnoll comes into view. It is wielding a +0 club.
Found 3 scrolls labelled YTWUVU RAQ NOL.
The gnoll shouts!
You shoot an arrow.
The arrow hits the gnoll but does no damage.
A gnoll comes into view. It is wielding a +0 spear.
You shoot an arrow. The arrow closely misses the gnoll.
You shoot an arrow. The arrow hits the gnoll.
The gnoll is moderately wounded.
You shoot an arrow. The arrow hits the gnoll!
You kill the gnoll!
You shoot an arrow. The arrow hits the gnoll!
You kill the gnoll!
Your Stealth skill increases to level 4!
A gnoll comes into view. It is wielding a +0 club.
You shoot an arrow. The arrow hits the gnoll.
The gnoll is heavily wounded.
You shoot an arrow. The arrow hits the gnoll.
The gnoll is almost dead.
You shoot an arrow. The arrow hits the gnoll!
You kill the gnoll!
y - 5 scrolls labelled YTWUVU RAQ NOL (gained 3)
A gnoll bouda comes into view. It is wielding a +0 club.
You shoot an arrow.
The arrow barely misses the gnoll bouda.
The gnoll bouda gazes fiercely through you!
You feel your attacks grow feeble.
You shoot an arrow.
The arrow barely misses the gnoll bouda.
You shoot an arrow.
The arrow hits the gnoll bouda but does no damage.
You shoot an arrow.
The arrow hits the gnoll bouda but does no damage.
The gnoll bouda closely misses you.
You shoot an arrow. The arrow hits the gnoll bouda.
The gnoll bouda is lightly wounded.
Your attacks no longer feel as feeble.
The gnoll bouda barely misses you.
You shoot an arrow.
The arrow barely misses the gnoll bouda.
The gnoll bouda closely misses you.
You shoot an arrow. The arrow hits the gnoll bouda.
The gnoll bouda is lightly wounded.
The gnoll bouda hits you but does no damage.
You shoot an arrow.
The arrow hits the gnoll bouda but does no damage.
The gnoll bouda is lightly wounded.
The gnoll bouda misses you.
The gnoll bouda hits you with a +0 club.
You shoot an arrow. The arrow hits the gnoll bouda.
The gnoll bouda is moderately wounded.
The gnoll bouda hits you with a +0 club.
You shoot an arrow.
The arrow barely misses the gnoll bouda.
The gnoll bouda completely misses you.
You shoot an arrow. The arrow hits the gnoll bouda.
The gnoll bouda is heavily wounded.
The gnoll bouda hits you with a +0 club.
You shoot an arrow. The arrow hits the gnoll bouda.
The gnoll bouda is heavily wounded.
The gnoll bouda misses you.
The gnoll bouda hits you with a +0 club.
You shoot an arrow.
The arrow barely misses the gnoll bouda.
The gnoll bouda prays to its god.
The gnoll bouda is healed somewhat.
You shoot an arrow.
The arrow closely misses the gnoll bouda.
The gnoll bouda closely misses you.
Your +0 dagger of venom begins to drip with poison!
a - a +0 dagger of venom (weapon)
The gnoll bouda misses you.
You hit the gnoll bouda but do no damage.
The gnoll bouda is poisoned.
The gnoll bouda is moderately wounded.
The gnoll bouda completely misses you.
You closely miss the gnoll bouda.
The gnoll bouda is heavily wounded.
The gnoll bouda hits you with a +0 club.
You closely miss the gnoll bouda.
The gnoll bouda is heavily wounded.
The gnoll bouda gazes fiercely through you!
You feel your attacks grow feeble.
The gnoll bouda hits you with a +0 club!
You hit the gnoll bouda.
The gnoll bouda looks as sick as possible!
The gnoll bouda is severely wounded.
The gnoll bouda hits you with a +0 club.
You are too injured to fight recklessly!
You hit the gnoll bouda but do no damage.
The gnoll bouda looks as sick as possible!
The gnoll bouda is severely wounded.
The gnoll bouda gazes fiercely through you!
You feel as though you will be weak longer.
The gnoll bouda hits you with a +0 club.
You hit the gnoll bouda.
The gnoll bouda is almost dead.
You kill the gnoll bouda!
Your +0 dagger of venom stops dripping with poison.
b - a +0 shortbow (weapon)
You start resting.
Your attacks no longer feel as feeble.
You start resting.
HP restored.
Things that are here:
a +0 club; a +0 leather armour; a gnoll corpse
s - 3 glowing grey potions (gained 1)
You now have 383 gold pieces (gained 14).
A yak comes into view.
Casting: Slow (safe; 9% risk of failure)
Confirm with . or Enter, or press ? or * to list all spells.
Aiming: Slow (safe; 9% risk of failure)
Press: ? - help, Shift-Dir - straight line, f - yak
Aim: a yak (asleep, chance to affect: 41%)
Okay, then.
A yak comes into view.
You shoot an arrow. The arrow hits the yak!
The yak bellows!
The yak is moderately wounded.
The yak bellows!
You hear a bellow!
A yak comes into view.
Casting: Slow (safe; 9% risk of failure)
Confirm with . or Enter, or press ? or * to list all spells.
Aiming: Slow (safe; 9% risk of failure)
Press: ? - help, Shift-Dir - straight line, f/p - yak
Aim: a yak (moderately wounded, chance to affect: 41%)
The yak seems to slow down.
The yak bellows!
A yak comes into view.
You shoot an arrow. The arrow barely misses the yak.
The arrow hits the yak but does no damage.
A yak comes into view.
You shoot an arrow. The arrow hits the yak.
The yak is moderately wounded.
A yak comes into view.
You shoot an arrow. The yak bellows!
The arrow hits the yak!
The yak is heavily wounded.
You shoot an arrow. The arrow hits the yak!
The yak is severely wounded.
The yak gores you.
You shoot an arrow. The arrow hits the yak.
The yak is severely wounded.
The yak barely misses you.
You shoot an arrow.
The arrow hits the yak but does no damage.
The yak is severely wounded.
You shoot an arrow. The arrow hits the yak!
The yak is almost dead.
The yak gores you!
You shoot an arrow. The arrow hits the yak!
You kill the yak!
Your Fighting skill increases to level 4!
You have reached level 8!
You shoot an arrow.
The arrow hits the yak but does no damage.
The yak snorts and paws the ground.
The yak gores you!
You shoot an arrow. The arrow barely misses the yak.
The arrow completely misses the yak.
The arrow barely misses the yak.
The arrow hits the yak but does no damage.
The yak closely misses you. The yak gores you!
You shoot an arrow. The arrow barely misses the yak.
The arrow hits the yak!
The yak is moderately wounded.
The yak gores you.
You shoot an arrow. The arrow hits the yak.
The yak is lightly wounded.
The yak gores you!
It was a potion of curing.
You feel better. The yak barely misses you.
It was a potion of mutation.
You feel extremely strange.
Your connection to magic feels subdued.
A pair of antennae grows on your head!
Your +1 helmet falls away!
You feel your surroundings grow quieter.
The yak gores you but does no damage.
Unknown command.
The yak attacks as you move away! The yak barely misses you.
The yak attacks as you move away! The yak gores you but does no damage.
Found a potion of curing.
The iguana hisses angrily.
The yak attacks as you move away! The yak misses you. The iguana bites you.
The iguana attacks as you move away! The iguana bites you.
The yak attacks as you move away! The yak closely misses you.
The yak attacks as you move away! The yak misses you.
The yak attacks as you move away! The yak gores you but does no damage.
The iguana attacks as you move away! The iguana closely misses you.
There is a stone staircase leading up here.
The iguana misses you.
You climb upwards.
There is a stone staircase leading down, spattered with blood here.
Your +0 dagger of venom begins to drip with poison!
a - a +0 dagger of venom (weapon)
The iguana barely misses you.
You hit the iguana.
The iguana is lightly wounded.
The iguana misses you.
You barely miss the iguana.
The iguana is lightly wounded.
The iguana barely misses you.
You hit the iguana but do no damage.
The iguana is poisoned.
The iguana is lightly wounded.
The iguana completely misses you.
You hit the iguana.
The iguana looks as sick as possible!
The iguana is lightly wounded.
The iguana bites you!
You are too injured to fight recklessly!
You are too injured to fight recklessly!
You are too injured to fight recklessly!
You are too injured to fight recklessly!
You are too injured to fight recklessly!
You are too injured to fight recklessly!
You hit the iguana but do no damage.
The iguana looks as sick as possible!
The iguana is lightly wounded.
The iguana bites you but does no damage.
You barely miss the iguana.
The iguana is heavily wounded.
The iguana bites you but does no damage.
You hit the iguana but do no damage.
The iguana looks as sick as possible!
The iguana is heavily wounded.
The iguana bites you.
You hit the iguana but do no damage.
The iguana looks as sick as possible!
The iguana is almost dead.
You kill the iguana!
There is a stone staircase leading down, spattered with blood here.
Your +0 dagger of venom stops dripping with poison.
b - a +0 shortbow (weapon)
You start resting.
HP restored.
Search for what [Enter for "d:", or ? for help]? hat Can't find anything matching that.
Unknown command.
You see here a +0 spear.
There is a stone staircase leading down here.
You climb downwards.
Level annotation: Dowan
There is a stone staircase leading up here.
A yak is nearby!
You shoot an arrow. The arrow hits the yak.
The yak is lightly wounded.
You shoot an arrow. The arrow hits the yak!
The yak is moderately wounded.
You shoot an arrow. The yak bellows!
The arrow hits the yak.
The yak is lightly wounded.
You hear a bellow!
You shoot an arrow. The arrow hits the yak.
The yak is moderately wounded.
You shoot an arrow. The arrow hits the yak.
The yak is heavily wounded.
You shoot an arrow. The arrow hits the yak.
The yak is heavily wounded.
You shoot an arrow. The arrow hits the yak.
The yak is severely wounded.
You shoot an arrow. The arrow hits the yak!
The yak is almost dead.
You shoot an arrow. The yak bellows!
The arrow hits the yak but does no damage.
The yak is almost dead.
The yak misses you.
You shoot an arrow. The arrow hits the yak!
You kill the yak!
Your Ranged Weapons skill increases to level 6!
You shoot an arrow. The arrow closely misses the yak.
There is a stone staircase leading up here.
You shoot an arrow. The arrow hits the yak!
The yak is moderately wounded.
The yak gores you.
You climb upwards.
There is a stone staircase leading down here.
You shoot an arrow. The arrow hits the yak.
The yak is heavily wounded.
The yak barely misses you.
You shoot an arrow. The arrow hits the yak!
The yak is severely wounded.
The yak gores you.
You shoot an arrow. The arrow hits the yak.
The yak is severely wounded.
The yak barely misses you.
You shoot an arrow. The arrow closely misses the yak.
The yak gores you! The yak closely misses you.
You shoot an arrow. The arrow hits the yak!
The yak is almost dead.
The yak gores you!
You shoot an arrow. The arrow barely misses the yak.
The yak gores you.
You are too injured to fight recklessly!
You are too injured to fight recklessly!
Your +0 dagger of venom begins to drip with poison!
a - a +0 dagger of venom (weapon)
You completely miss the yak.
The yak is almost dead.
The yak misses you.
You hit the yak but do no damage.
The yak is almost dead.
The yak gores you!
You hit the yak.
You kill the yak!
You see here a yak corpse.
There is a stone staircase leading down, spattered with blood here.
You start resting.
HP restored.
You climb downwards.
Level annotation: Dowan The yak closely misses you.
There is a stone staircase leading up here.
The yak gores you.
You climb upwards.
There is a stone staircase leading down, spattered with blood here.
You hit the yak.
The yak is poisoned.
The yak is lightly wounded.
The yak gores you.
You hit the yak.
The yak looks as sick as possible!
The yak is lightly wounded.
The yak gores you but does no damage.
You barely miss the yak.
The yak is lightly wounded.
The yak closely misses you.
You hit the yak.
The yak is moderately wounded.
The yak misses you.
You hit the yak but do no damage.
The yak looks as sick as possible!
The yak is moderately wounded.
The yak closely misses you.
You barely miss the yak.
The yak is heavily wounded.
The yak gores you!
You hit the yak but do no damage.
The yak looks as sick as possible!
The yak is heavily wounded.
The yak closely misses you.
You completely miss the yak.
The yak is heavily wounded.
The yak barely misses you.
You hit the yak but do no damage.
The yak looks as sick as possible!
The yak is severely wounded.
The yak completely misses you.
You hit the yak but do no damage.
The yak looks as sick as possible!
The yak is severely wounded.
The yak gores you.
You barely miss the yak.
The yak is severely wounded.
The yak barely misses you.
You barely miss the yak.
The yak is almost dead.
The yak closely misses you.
You hit the yak but do no damage.
The yak looks as sick as possible!
The yak is almost dead.
The yak gores you.
You hit the yak but do no damage.
The yak looks as sick as possible!
The yak is almost dead.
The yak closely misses you.
You hit the yak but do no damage.
The yak looks as sick as possible!
The yak is almost dead.
The yak closely misses you.
You hit the yak.
You kill the yak!
Your +0 dagger of venom stops dripping with poison.
b - a +0 shortbow (weapon)
You start resting.
HP restored.
You climb downwards.
Level annotation: Dowan The yak barely misses you.
There is a stone staircase leading up here.
The yak barely misses you.
You climb upwards.
There is a stone staircase leading down, spattered with blood here.
Your +0 dagger of venom begins to drip with poison!
a - a +0 dagger of venom (weapon)
You hit the yak.
The yak is poisoned.
The yak is lightly wounded.
The yak gores you.
You hit the yak but do no damage. The yak gores you!
You hit the yak but do no damage.
The yak looks as sick as possible!
The yak closely misses you.
You closely miss the yak.
The yak is lightly wounded.
The yak gores you but does no damage.
You hit the yak but do no damage.
The yak looks as sick as possible!
The yak is moderately wounded.
The yak misses you.
You hit the yak but do no damage.
The yak looks as sick as possible!
The yak is moderately wounded.
The yak closely misses you.
You hit the yak.
The yak is heavily wounded.
The yak gores you!
You hit the yak.
The yak is heavily wounded.
The yak completely misses you.
You hit the yak.
The yak looks as sick as possible!
The yak is heavily wounded.
The yak misses you.
You hit the yak.
The yak looks as sick as possible!
The yak is severely wounded.
The yak gores you!
You are too injured to fight recklessly!
You are too injured to fight recklessly!
You are too injured to fight recklessly!
You hit the yak.
The yak looks as sick as possible!
The yak is almost dead.
The yak gores you!
* * * LOW HITPOINT WARNING * * *
You hit the yak but do no damage.
The yak looks as sick as possible!
The yak is almost dead.
The yak gores you!
You die...

Skill      XL: |  1  2  3  4  5  6  7  8 |
---------------+-------------------------+-----
Fighting       | 1 2 3 4 |  4.4
Ranged Weapons | 2 3 4 5 6 |  6.6
Dodging        | 2 3 4 |  4.8
Stealth        | 1 2 3 4 |  4.8
Spellcasting   | |  1.0
Hexes          | |  2.6

Action                     |  1- 3 |  4- 6 |  7- 9 || total
---------------------------+-------+-------+-------++-------
  Melee: Dagger            |       |    50 |    75 ||   125
         Punch             |       |       |     1 ||     1
   Fire: Sling             |   162 |   258 |     8 ||   428
         Shortbow          |       |       |    68 ||    68
  Throw: Dart              |       |       |     6 ||     6
   Cast: Slow              |       |     3 |     4 ||     7
    Use: Potion            |       |       |     2 ||     2
   Stab: Sleeping          |       |       |     2 ||     2
 Armour: Robe              |    18 |    66 |    23 ||   107
  Dodge: Dodged            |    43 |   124 |    76 ||   243

Levels and vault maps discovered:
D:1:      zelgadis_glass_arrival_small, layout_basic
D:2:      kennysheep_big_flooded_room, layout_basic, serial_curves,
          eino_curves_04, eino_curves_03
D:3:      minmay_razor_zed, layout_basic, tso_metal_star,
          mainiacjoe_overflow_boulevard
D:4:      layout_rooms, nicolae_elyvilon_temple_path, doesnt_xom_only_xom,
          nzn_random_ring, uniq_robin
D:5:      layout_rooms, lemuel_tele_altar, nicolae_grassy_gnolls, uniq_duvessa,
          uniq_ijyb, uniq_grinder

Notes
Turn   | Place    | Note
-------+----------+-------------------------------------------
     0 | D:1      | scionoferis the Demigod Hexslinger began the quest for the
                  | Orb.
     0 | D:1      | Reached XP level 1. HP: 15/15 MP: 4/4
    57 | D:1      | Reached skill level 1 in Fighting
    72 | D:1      | Reached skill level 2 in Ranged Weapons
   117 | D:1      | Reached skill level 2 in Dodging
   126 | D:1      | Reached XP level 2. HP: 23/23 MP: 5/5
   309 | D:1      | Reached skill level 1 in Stealth
   344 | D:1      | Reached XP level 3. HP: 28/28 MP: 6/6
  1305 | D:3      | Reached XP level 4. HP: 31/36 MP: 8/8
  1499 | D:3      | Reached skill level 3 in Ranged Weapons
  1969 | D:3      | Reached skill level 2 in Fighting
  2094 | D:4      | Noticed Robin
  2284 | D:4      | Killed Robin
  2285 | D:4      | Reached skill level 2 in Stealth
  2285 | D:4      | Reached XP level 5. HP: 41/41 MP: 9/9
  2376 | D:4      | Reached skill level 3 in Dodging
  2510 | D:4      | Reached skill level 4 in Ranged Weapons
  2510 | D:4      | Reached XP level 6. HP: 50/50 MP: 10/10
  2842 | D:4      | Got An Introduction to Wizarding
  2863 | D:4      | Reached skill level 3 in Stealth
  2955 | D:3      | Reached skill level 3 in Fighting
  3238 | D:4      | Reached XP level 7. HP: 53/57 MP: 11/11
  3529 | D:5      | Entered Level 5 of the Dungeon
  3546 | D:5      | Noticed Dowan
  3600 | D:5      | Reached skill level 5 in Ranged Weapons
  3703 | D:5      | Noticed Ijyb
  3730 | D:5      | Killed Ijyb
  3776 | D:5      | Identified the +3 mace "Lasymoq" {freeze, *Corrode rPois
                  | rN+++ Int+3}
  3832 | D:4      | Reached skill level 4 in Dodging
  3956 | D:5      | Reached skill level 4 in Stealth
  4192 | D:5      | Noticed a yak
  4194 | D:5      | Noticed a yak
  4195 | D:5      | Noticed a yak
  4196 | D:5      | Noticed a yak
  4197 | D:5      | Noticed a yak
  4198 | D:5      | Noticed a yak
  4204 | D:5      | Killed a yak
  4205 | D:5      | Reached skill level 4 in Fighting
  4205 | D:5      | Reached XP level 8. HP: 54/66 MP: 12/12
  4210 | D:5      | Gained mutation: Your spells are a little easier to cast,
                  | but a little less powerful. [potion of mutation]
  4210 | D:5      | Gained mutation: You have a pair of small antennae on your
                  | head. [potion of mutation]
  4210 | D:5      | Gained mutation: You passively dampen the noise of your
                  | surroundings. [potion of mutation]
  4431 | D:5      | Reached skill level 6 in Ranged Weapons
  4701 | D:4      | Slain by a yak

Vanquished Creatures
  4 yaks (D:5 D:4)
  2 ice beasts (D:4 D:5)
  An ogre (D:5)
  A centaur (D:5)
  2 necrophages (D:4)
  3 scorpions (D:4 D:3)
  A gnoll bouda (D:5)
  An orc priest (D:4)
  2 jellies (D:4)
  Ijyb (D:5)
  An iguana (D:4)
  Robin (D:4)
  11 adders (D:2 D:3 D:4)
  3 gnolls (D:5)
  A shadow imp (D:5)
  2 ufetubi (D:3 D:4)
  2 dart slugs (D:1 D:2)
  12 orcs (D:3 D:4)
  9 ball pythons (D:1 D:2 D:4)
  15 endoplasms (D:1 D:2 D:3 D:4)
  4 giant cockroaches (D:1 D:2 D:3 D:4)
  15 hobgoblins (D:1 D:2 D:3 D:4)
  5 jackals (D:1 D:3)
  6 kobolds (D:1 D:3 D:4)
  3 quokkas (D:2 D:3 D:4)
  9 bats (D:1 D:3)
  4 frilled lizards (D:1 D:3)
  17 goblins (D:1 D:2 D:3 D:4)
  7 rats (D:1 D:2 D:3)
145 creatures vanquished.

Vanquished Creatures (others)
  11 plants (D:4 D:5)
11 creatures vanquished.

Grand Total: 156 creatures vanquished

Table legend: (Time is in decaauts)
 A = Elapsed time spent in this place.
 B = Non-inter-level travel time spent in this place.
 C = Inter-level travel time spent in this place.
 D = Time resting spent in this place.
 E = Time spent auto-exploring this place.
 F = Levels seen in this place.
 G = Mean time per level.
                   A        B        C        D        E       F      G
               +--------+--------+--------+--------+--------+-----+--------+
         Total |   4812 |   4487 |    325 |    850 |   2350 |   5 |  962.4 |
       Dungeon |   4812 |   4487 |    325 |    850 |   2350 |   5 |  962.4 |
               +--------+--------+--------+--------+--------+-----+--------+

Top non-repeatable levels by time:
     D:4: 1767 daAuts
     D:3: 1032 daAuts
     D:2: 708 daAuts
     D:5: 696 daAuts
     D:1: 607 daAuts

Table legend:
 A = Non-vault XP
 B = Vault XP
 C = Vault XP percentage of total XP
 D = Non-vault monster count
 E = Vault monster count
 F = Vault count percentage of total count
                 A         B        C        D         E       F
            +---------+---------+-------+---------+---------+-------
      Total |    1952 |     444 |  18.5 |      93 |      52 |  35.9
            +---------+---------+-------+---------+---------+-------
        D:1 |      59 |       0 |   0.0 |      33 |       0 |   0.0
        D:2 |      45 |       4 |   8.2 |      12 |       2 |  14.3
        D:3 |     132 |      46 |  25.8 |      18 |      17 |  48.6
        D:4 |     928 |     273 |  22.7 |      24 |      28 |  53.8
        D:5 |     788 |     121 |  13.3 |       6 |       5 |  45.5
            +---------+---------+-------+---------+---------+-------
